 Seeded DCSS version 0.31-a0-1405-g2bb1a01 (webtiles) character file.

Game seed: 3897415132402002117 (custom seed)

91151 edsrzf the Phalangite (level 16, -8/131 HPs)
             Began as a Merfolk Brigand on Dec 25, 2023.
             Was the Champion of Okawaru.
             Mangled by a red devil
             ... wielding a +0 vampiric demon trident
             ... summoned by an orc high priest
              (14 damage)
             ... on level 2 of the Orcish Mines.
             The game lasted 01:02:40 (20174 turns).

edsrzf the Phalangite (Merfolk Brigand)            Turns: 20174, Time: 01:02:40

Health: -8/131     AC: 10    Str: 24    XL:     16   Next: 2%
Magic:  25/25      EV: 18    Int: 12    God:    Okawaru [******]
Gold:   2398       SH:  0    Dex: 18    Spells: 15/15 levels left

rFire   . . .        a - +7 bardiche of Rieg {freeze, rC+ rCorr}
rCold   + + +        (shield currently unavailable)
rNeg    + . .        G - +1 leather armour of Sentut {rC+ rN+ SInv}
rPois   .            p - +1 helmet
rElec   .            W - scarf {harm}
rCorr   +            t - +2 pair of gloves of Vermicelli {rC+ Dex+3}
SInv    +            N - +3 pair of seven-league boots {Rampage+∞}
Will    +....        M - amulet of regeneration
Stlth   +++          U - +4 ring of slaying
HPRegen 1.21/turn    K - +6 ring of strength
MPRegen 0.19/turn

%: harm (+30% outgoing, +20% incoming), rampage+∞
@: spiked, corroded
A: (nimble swimmer 2), mertail
a: Renounce Religion, Heroism, Finesse, Duel


You were on level 2 of the Orcish Mines.
You worshipped Okawaru.
Okawaru was exalted by your worship.
You visited 4 branches of the dungeon, and saw 20 of its levels.
You also visited: Bailey.

You collected 2587 gold pieces.
You spent 189 gold pieces at shops.

Inventory:

Hand Weapons
 a - the +7 bardiche of Rieg (weapon) {freeze, rC+ rCorr}
   (Okawaru gifted it to you on level 3 of the Lair of Beasts)

   rC+:       It protects you from cold.
   rCorr:     It protects you from acid and corrosion.
 r - a +0 bardiche
Missiles
 d - 39 poisoned darts (quivered)
 e - 10 curare-tipped darts
 s - 9 atropa-tipped darts
 y - 13 boomerangs
 J - 7 javelins
 X - a throwing net {=f}
Armour
 c - a +0 cloak of willpower
 p - a +1 helmet (worn)
 t - the +2 pair of gloves of Vermicelli (worn) {rC+ Dex+3}
   (You found it on level 3 of the Dungeon)

   Dex+3:     It affects your dexterity (+3).
   rC+:       It protects you from cold.
 G - the +1 leather armour of Sentut (worn) {rC+ rN+ SInv}
   (You bought it in a shop on level 2 of the Dungeon)

   rC+:       It protects you from cold.
   rN+:       It protects you from negative energy.
   SInv:      It lets you see invisible.
 N - the +3 pair of seven-league boots (worn) {Rampage+∞}
   (You found it on level 12 of the Dungeon)

   Rampage+∞: When moving toward enemies, its wearer moves as far as possible,
   alerting their target en route.
 W - a scarf of harm (worn)
Jewellery
 j - a ring of resist corrosion
 F - an amulet of the acrobat
 K - a +6 ring of strength (right hand)
 M - an amulet of regeneration (around neck)
 Q - an amulet of faith {!P}
 R - a +4 ring of protection
 U - a +4 ring of slaying (left hand)
Wands
 n - a wand of mindburst (8)
 u - a wand of digging (9)
 D - a wand of quicksilver (9)
 H - a wand of flame (72)
 T - a wand of roots (32)
 Y - a wand of paralysis (16)
 Z - a wand of polymorph (7)
Scrolls
 g - a scroll of enchant weapon
 k - a scroll of fog
 l - 12 scrolls of teleportation {@r3}
 m - 3 scrolls of revelation
 q - a scroll of poison
 x - a scroll of vulnerability
 E - a scroll of fear
 O - a scroll of blinking
Potions
 f - 3 potions of mutation {!q}
 o - 3 potions of might
 v - 2 potions of brilliance
 w - 2 potions of berserk rage
 z - 2 potions of lignification
 A - a potion of haste
 B - 4 potions of enlightenment
 C - 3 potions of curing
 I - 2 potions of resistance {unknown}
 L - 2 potions of attraction {unknown}
 S - 6 potions of heal wounds {unknown}
 V - 4 potions of magic {unknown}
Miscellaneous
 b - a lightning rod (4/4)
 h - a phial of floods


   Skills:
 + Level 13.4 Fighting
 - Level 2.4 Short Blades
 - Level 24.0 Polearms
 - Level 2.4 Throwing
 + Level 5.3 Armour
 - Level 11.0 Dodging
 - Level 4.3 Stealth
 - Level 13.0 Invocations
 - Level 3.5 Evocations


You had 15 spell levels left.
You didn't know any spells.
Your spell library contained the following spells:

 Spells                   Type           Power      Damage    Failure   Level
 Apportation              Tloc           0%         N/A       36%         1
 Shock                    Conj/Air       0%         1d3       36%         1
 Jinxbite                 Hex            0%         N/A       50%         2
 Swiftness                Air            0%         N/A       73%         3
 Airstrike                Air            0%         2d(0-16)  98%         4
 Alistair's Intoxication  Alch           0%         N/A       100%        5
 Orb of Destruction       Conj           0%         9d5       100%        7
 Summon Guardian Golem    Hex/Summ       Unusable   N/A       N/A         3
 Spellforged Servitor     Conj/Summ      Unusable   N/A       N/A         7

Dungeon Overview and Level Annotations

Branches:
Dungeon (12/15)            Temple (1/1) D:7            Lair (5/5) D:11
 Shoals (0/4) Lair:3       Spider (0/4) Lair:2        Slime (0/5) Lair:4
    Orc (2/2) D:9             Elf (0/3) Orc:2        Bailey (visited)

Altars:
Ashenzari
Cheibriados
Dithmenos
Elyvilon
Fedhas
Gozag
Hepliaklqana
Kikubaaqudgha
Makhleb
Nemelex Xobeh
Okawaru
Qazlal
Ru
Sif Muna
Trog
Uskayaw
Vehumet
Wu Jian
Xom
Yredelemnul
Zin
The Shining One
Jiyva

Shops:
D:2 [

Portals:
Abyss: Orc:1

Annotations:
Lair:2 exclusion: hydra
Orc:1 2 transporters, PurpleRed's ghost, journeyman HOHW


Innate Abilities, Weirdness & Mutations

((You are very nimble when in or above water. (Stealth+, EV+, Speed+++)))
Your lower body shifts to a powerful aquatic tail in water.


Message History

Aim: an orc priest, wielding a +0 whip (about 23% to evade the +7 bardiche of Rieg)
You reach to attack!
You slash the orc priest! You freeze the orc priest.
You kill the orc priest!
Okawaru accepts your kill.
Unknown command.
You hit the orc warrior but do no damage.
The orc high priest misses you.
You slash the orc warrior! You freeze the orc warrior.
The orc warrior is severely wounded.
You hit the orc warrior. You freeze the orc warrior.
The orc warrior is almost dead.
The orc warrior closely misses you.
The orc priest invokes the aid of Beogh against you.
You resist with significant effort.
The orc high priest completely misses you.
You hit the orc warrior but do no damage.
The orc warrior is almost dead.
The orc warrior barely misses you. The orc priest barely misses you.
The orc high priest mumbles some strange prayers to Beogh against you.
Beogh smites you!
You slice the orc warrior!! You freeze the orc warrior.
You kill the orc warrior!
Okawaru accepts your kill.
You hit the orc priest. You freeze the orc priest.
The orc priest is severely wounded.
The orc priest invokes the aid of Beogh against you.
Beogh smites you!
The orc wizard hits you with a +0 dagger.
The orc high priest utters an invocation to Beogh.
You hit the orc priest. You freeze the orc priest.
You kill the orc priest!
Okawaru accepts your kill.
An orc priest comes into view. It is wielding a +0 club.
The orc wizard hits you but does no damage.
The orc high priest hits you from afar with a +1 trident of venom!
* * * LOW HITPOINT WARNING * * *
You are poisoned.
You feel very sick.
The orc high priest starts to sing a prayer.
You slash the orc wizard! You freeze the orc wizard.
You kill the orc wizard!
Okawaru accepts your kill.
You feel sick. The orc closely misses you.
The orc high priest starts to sing a prayer.
Reach: a) +7 bardiche of Rieg {freeze, rC+ rCorr}
Press: ? - help, Dir - move target, f - orc high priest
Aim: an orc high priest, wielding a +1 trident of venom and wearing a +0 leather armour (about 27% to evade the +7 bardiche of Rieg)
You reach to attack!
You slash the orc high priest! You freeze the orc high priest.
The orc high priest is lightly wounded.
You feel sick.
You carve the orc like a ham!!! You freeze the orc.
You kill the orc!
You feel sick. The orc closely misses you.
The orc high priest hits you from afar with a +1 trident of venom!
* * * LOW HITPOINT WARNING * * *
You are more poisoned.
You stride towards the orc priest!
You closely miss the orc priest.
You feel very sick. The orc completely misses you.
The orc high priest prays to Beogh.
The orc priest hits you but does no damage.
You barely miss the orc priest.
You feel sick.
You chop the orc priest into pieces!!! You freeze the orc priest.
You kill the orc priest!
Okawaru accepts your kill.
You feel sick. The orc barely misses you.
The orc high priest calls down the wrath of Beogh upon you.
Pain shoots through your body!
* * * LOW HITPOINT WARNING * * *
The hellwing misses you. The hellwing closely misses you.
You slice the orc high priest!! You freeze the orc high priest.
The orc high priest is heavily wounded.
You feel sick.
You hear a shout!
The orc misses you.
The orc priest hits you but does no damage.
The orc high priest completely misses you.
The hellwing closely misses you.
The hellwing hits you but does no damage.
The red devil hits you from afar with a +0 vampiric demon trident.
* * * LOW HITPOINT WARNING * * *
Barbed spikes become lodged in your body.
You hear a shout!
You feel better. The orc closely misses you. The orc priest misses you.
The orc high priest closely misses you. The hellwing hits you.
* * * LOW HITPOINT WARNING * * *
The hellwing barely misses you. The red devil closely misses you.
Unknown command.
As you read the scroll of fear, it crumbles to dust.
You assume a fearsome visage.
The smoke demon resists with almost no effort.
The hellwing looks frightened!
The red devil resists with some effort.
The orc high priest looks frightened!
The orc priest looks frightened!
The orc looks frightened!
The smoke demon gestures at you. Beogh smites you!
* * * LOW HITPOINT WARNING * * *
The red devil hits you from afar with a +0 vampiric demon trident!
You die...

##........#
##........##
##.......###
##.......##
###.()..####
##.#)).###
#####.o.o))######
##.....))4))......
#....4.@)3))......
#...######o).######
#. ....(...
o.........
o.#####....


oo. .... ..o# #... ...# .. You could see an orc high priest (fleeing), a
hellwing (summoned, fleeing), a smoke demon (summoned), a red devil (summoned),
an orc priest (fleeing) and an orc (fleeing).

Vanquished Creatures
  An orc warlord (Orc:1)
  An ettin (Orc:1)
  4 hydras (Lair:5)
  Erica (D:8)
  4 catoblepae
  A boulder beetle (D:11)
  5 two-headed ogres
  12 death yaks
  An ogre mage (Orc:2)
  4 orc high priests
  2 skysharks
  3 lindwurms
  4 orc knights
  A deep elf zephyrmancer (Bailey)
  3 oklob plants
  2 phantasmal warriors (D:12)
  6 orc sorcerers
  A wolf spider (Lair:2)
  6 manticores
  An ugly thing (D:12)
  A cyclops (D:12)
  28 elephants
  6 black mambas
  7 cane toads
  2 torpor snails
  A guardian serpent (D:12)
  A gargoyle (D:12)
  An unseen horror (D:8)
  6 komodo dragons
  7 rime drakes
  A kobold demonologist (D:12)
  3 trolls
  Grinder (D:4)
  21 blink frogs
  19 dream sheep
  2 shadows (D:11)
  5 wyverns
  A vampire (D:12)
  Sigmund (D:6)
  2 wraiths
  45 yaks
  7 basilisks
  A steam dragon (D:8)
  6 wargs
  2 redbacks (Lair:2)
  3 vampire mosquitoes (D:11)
  A fire elemental (Orc:1)
  An acid dragon (D:8)
  Duvessa (D:7)
  3 black bears
  25 orc warriors
  14 water moccasins
  4 ice beasts
  2 sky beasts
  10 ogres
  8 wolves (Lair:2)
  3 centaurs
  4 phantoms
  3 kobold brigands (D:9)
  9 bullfrogs
  3 gnoll sergeants
  10 scorpions
  15 wights
  Dowan (D:7)
  12 killer bees
  9 howler monkeys
  2 bombardier beetles (D:5)
  4 hounds
  2 jellies (Lair:4)
  37 orc priests
  3 gnoll boudas
  5 iguanas
  37 orc wizards
  3 sleepcaps
  A hell rat (Lair:5)
  Robin (D:2)
  19 gnolls
  18 adders
  A shadow imp (D:7)
  2 white imps
  2 ufetubi (D:5)
  2 worms
  A dart slug (D:3)
  114 orcs
  5 bats
  11 endoplasms
  2 giant cockroaches
  15 goblins
  10 hobgoblins
  2 jackals (D:1)
  16 kobolds
  6 quokkas
  11 ball pythons
  4 frilled lizards
  2 rats
719 creatures vanquished.

Vanquished Creatures (others)
  An orc wizard (Orc:2)
1 creature vanquished.

Grand Total: 720 creatures vanquished

Notes
Turn   | Place    | Note
-------+----------+-------------------------------------------
     0 | D:1      | edsrzf the Merfolk Brigand began the quest for the Orb.
     0 | D:1      | Reached XP level 1. HP: 16/16 MP: 1/1
   309 | D:1      | Reached skill level 2 in Dodging
   312 | D:1      | Reached XP level 2. HP: 19/23 MP: 2/2
   968 | D:2      | Noticed Robin
  1034 | D:1      | Reached skill level 3 in Fighting
  1067 | D:2      | Reached XP level 3. HP: 22/29 MP: 3/3
  1133 | D:2      | Reached skill level 3 in Dodging
  1452 | D:2      | Identified 2 potions of curing
  1453 | D:2      | Killed Robin
  1454 | D:2      | Reached XP level 4. HP: 21/37 MP: 4/4
  1658 | D:2      | Reached skill level 4 in Dodging
  1749 | D:2      | Reached skill level 4 in Fighting
  1771 | D:2      | Found Huiluh's Antique Armour Shoppe.
  2171 | D:3      | Identified the +2 pair of gloves of Vermicelli {rC+ Dex+3}
  2195 | D:3      | Reached XP level 5. HP: 18/42 MP: 5/5
  2333 | D:3      | Found a blossoming altar of Fedhas.
  2360 | D:3      | Reached skill level 5 in Dodging
  2501 | D:3      | Reached XP level 6. HP: 50/50 MP: 6/6
  2660 | D:3      | Reached skill level 5 in Fighting
  2742 | D:4      | Found an ancient bone altar of Kikubaaqudgha.
  2974 | D:4      | Found an ornate altar of the Wu Jian Council.
  3045 | D:4      | Reached skill level 1 in Polearms
  3146 | D:4      | Reached skill level 2 in Polearms
  3152 | D:4      | Reached skill level 3 in Polearms
  3466 | D:4      | Noticed Grinder
  3509 | D:4      | Reached skill level 4 in Polearms
  3509 | D:4      | Reached XP level 7. HP: 56/56 MP: 7/7
  3564 | D:4      | Reached skill level 5 in Polearms
  3725 | D:5      | Entered Level 5 of the Dungeon
  3738 | D:5      | Reached skill level 6 in Polearms
  3928 | D:5      | Found a snail-covered altar of Cheibriados.
  4130 | D:5      | Reached skill level 7 in Polearms
  4203 | D:5      | Reached skill level 8 in Polearms
  4203 | D:5      | Reached XP level 8. HP: 27/62 MP: 8/8
  4532 | D:5      | Found a shadowy altar of Dithmenos.
  4590 | D:5      | Reached skill level 9 in Polearms
  5054 | D:5      | Reached skill level 10 in Polearms
  5272 | D:2      | Bought a faintly glowing leather armour for 189 gold pieces
  5272 | D:2      | Identified the +1 leather armour of Sentut {rC+ rN+ SInv}
                  | (You bought it in a shop on level 2 of the Dungeon)
  5355 | D:4      | Killed Grinder
  5356 | D:4      | Reached skill level 11 in Polearms
  5742 | D:6      | Reached XP level 9. HP: 68/68 MP: 9/9
  5772 | D:6      | Reached skill level 12 in Polearms
  5787 | D:6      | Reached skill level 13 in Polearms
  6081 | D:6      | Reached skill level 14 in Polearms
  6144 | D:6      | Noticed Sigmund
  6151 | D:6      | Killed Sigmund
  6152 | D:6      | Reached skill level 1 in Evocations
  6160 | D:6      | Reached skill level 6 in Dodging
  6241 | D:6      | Reached skill level 2 in Evocations
  6527 | D:7      | Reached skill level 6 in Fighting
  6564 | D:7      | Identified 2 scrolls of enchant weapon
  6565 | D:7      | Identified 2 scrolls of fog
  6566 | D:7      | Identified 2 scrolls of poison
  6567 | D:7      | Identified 2 scrolls of identify
  6567 | D:7      | Identified a potion of cancellation
  6568 | D:7      | Identified a potion of ambrosia
  6581 | D:7      | Reached XP level 10. HP: 18/76 MP: 10/10
  6605 | D:7      | Reached skill level 3 in Evocations
  6615 | D:7      | Found a staircase to the Ecumenical Temple.
  6615 | D:7      | Noticed Duvessa
  6633 | D:7      | Noticed Dowan
  6635 | D:7      | Killed Duvessa
  6636 | D:7      | Reached skill level 7 in Dodging
  6641 | D:7      | Killed Dowan
  6683 | Temple   | Entered the Ecumenical Temple
  6690 | Temple   | Became a worshipper of Warmaster Okawaru
  6871 | D:7      | Found a flagged portal.
  6967 | D:7      | Identified 2 potions of degeneration
  6968 | D:7      | Identified 2 potions of might
  6973 | D:7      | Reached skill level 1 in Invocations
  6980 | D:7      | Reached skill level 2 in Invocations
  6994 | D:7      | Reached skill level 3 in Invocations
  7019 | Bailey   | Entered a bailey
  7405 | Bailey   | Found a large runed translucent door.
  7405 | Bailey   | Found a large runed translucent door.
  7406 | Bailey   | Noticed a deep elf zephyrmancer
  7445 | Bailey   | Noticed an orc knight
  7501 | Bailey   | Killed an orc knight
  7501 | Bailey   | Reached * piety under Okawaru
  7502 | Bailey   | Reached skill level 5 in Invocations
  7911 | Bailey   | Killed a deep elf zephyrmancer
  7912 | Bailey   | Reached skill level 6 in Invocations
  8024 | D:7      | Found a broken altar of Ashenzari.
  8036 | D:7      | Reached ** piety under Okawaru
  8648 | D:8      | Reached skill level 7 in Invocations
  8700 | D:8      | Noticed Erica
  8714 | D:8      | Killed Erica
  8715 | D:8      | Reached skill level 15 in Polearms
  8715 | D:8      | Reached XP level 11. HP: 12/83 MP: 16/16
  8784 | D:8      | Found a hazy altar of Hepliaklqana.
  8938 | D:8      | Found a glowing silver altar of Zin.
  8995 | D:8      | Reached *** piety under Okawaru
  9021 | D:8      | Reached skill level 16 in Polearms
  9250 | D:8      | Identified a potion of mutation
  9473 | D:8      | Reached **** piety under Okawaru
  9474 | D:8      | Reached skill level 17 in Polearms
  9941 | D:9      | Found a staircase to the Orcish Mines.
 10387 | D:9      | Reached ***** piety under Okawaru
 10388 | D:9      | Reached skill level 18 in Polearms
 10585 | D:10     | Entered Level 10 of the Dungeon
 10758 | D:10     | Identified a potion of experience
 10770 | D:10     | Reached skill level 9 in Fighting
 10770 | D:10     | Reached skill level 19 in Polearms
 10770 | D:10     | Reached XP level 12. HP: 96/96 MP: 17/17
 11162 | D:10     | Noticed a two-headed ogre
 11171 | D:10     | Killed a two-headed ogre
 11283 | D:10     | Found a hide-covered altar of Uskayaw.
 11546 | D:11     | Found a staircase to the Lair.
 11842 | D:11     | Noticed a boulder beetle
 11848 | D:11     | Killed a boulder beetle
 11849 | D:11     | Reached skill level 20 in Polearms
 11932 | D:11     | Noticed a two-headed ogre
 11947 | D:11     | Killed a two-headed ogre
 12107 | D:11     | Reached skill level 8 in Invocations
 12107 | D:11     | Reached XP level 13. HP: 81/101 MP: 17/19
 12457 | D:12     | Received a gift from Okawaru
 12458 | D:12     | Reached skill level 9 in Invocations
 12460 | D:12     | Identified 6 scrolls of fear
 12461 | D:12     | Identified 2 scrolls of blinking
 12462 | D:12     | Identified 2 scrolls of revelation
 12463 | D:12     | Identified a scroll of vulnerability
 12471 | D:12     | Identified a scroll of immolation
 12503 | D:12     | Identified a scroll of amnesia
 12534 | D:12     | Identified a scroll of silence
 12845 | D:12     | Reached skill level 10 in Invocations
 12855 | D:12     | Identified 11 scrolls of teleportation
 12982 | D:12     | Identified a potion of brilliance
 13255 | D:12     | Reached skill level 11 in Invocations
 13327 | D:12     | Found the +3 pair of seven-league boots {Rampage+∞}
 13381 | Lair:1   | Entered Level 1 of the Lair of Beasts
 13706 | Lair:1   | Identified a scroll of noise
 13907 | Lair:1   | Identified a scroll of torment
 13944 | Lair:1   | Reached skill level 12 in Invocations
 14324 | Lair:2   | Received a gift from Okawaru
 14486 | Lair:2   | Reached skill level 13 in Invocations
 14505 | Lair:2   | Identified the +2 robe "Giewur" {Dex+3}
 14612 | Lair:2   | Received a gift from Okawaru
 14654 | Lair:2   | Reached skill level 10 in Fighting
 14811 | Lair:2   | Identified a scroll of butterflies
 14874 | Lair:2   | Identified a scroll of brand weapon
 15022 | Lair:2   | Found a hole to the Spider Nest.
 15038 | Lair:2   | Reached skill level 8 in Dodging
 15061 | Lair:2   | HP: 4/104 [wolf (10)]
 15173 | Lair:2   | Identified a potion of haste
 15431 | Lair:3   | Reached ****** piety under Okawaru
 15432 | Lair:3   | Reached XP level 14. HP: 93/111 MP: 23/23
 15432 | Lair:3   | Acquired the +7 bardiche of Rieg {freeze, rC+ rCorr}
 15432 | Lair:3   | Received a gift from Okawaru
 15434 | Lair:3   | Identified a scroll of enchant armour
 15438 | Lair:3   | Acquired a +0 cloak of willpower
 15438 | Lair:3   | Received a gift from Okawaru
 15495 | Lair:3   | Received a gift from Okawaru
 15496 | Lair:3   | Reached skill level 9 in Dodging
 15503 | Lair:3   | Identified 3 potions of enlightenment
 15560 | Lair:3   | Reached skill level 11 in Fighting
 15727 | Lair:3   | Reached skill level 10 in Dodging
 15794 | Lair:3   | Identified 2 potions of berserk rage
 15799 | Lair:3   | Found a staircase to the Shoals.
 15802 | Lair:3   | Identified 2 potions of lignification
 15982 | Lair:3   | Received a gift from Okawaru
 16232 | Lair:3   | Reached skill level 11 in Dodging
 16392 | Lair:4   | Reached skill level 21 in Polearms
 16510 | Lair:4   | Identified the +4 plate armour "Mifatzoaph" {Rampage Int-3
                  | Dex+6}
 16851 | Lair:4   | Found a viscous altar of Jiyva.
 16851 | Lair:4   | Found a staircase to the Slime Pits.
 17075 | Lair:5   | Entered Level 5 of the Lair of Beasts
 17103 | Lair:5   | Upgraded the game from 0.31-a0-1403-gd128f73 to
                  | 0.31-a0-1405-g2bb1a01
 17107 | Lair:5   | Received a gift from Okawaru
 17108 | Lair:5   | Reached skill level 22 in Polearms
 17359 | Lair:5   | Reached skill level 23 in Polearms
 17359 | Lair:5   | Received a gift from Okawaru
 17367 | Lair:5   | Reached XP level 15. HP: 102/118 MP: 24/24
 17723 | Lair:5   | Identified the +6 chain mail "Rycsukuh" {-Cast rPois rC+
                  | rCorr}
 17964 | Lair:5   | Reached skill level 24 in Polearms
 17998 | Lair:5   | Reached skill level 1 in Armour
 18275 | Lair:5   | Received a gift from Okawaru
 18278 | Lair:5   | Reached skill level 2 in Armour
 18473 | Lair:5   | Reached skill level 12 in Fighting
 18513 | Lair:5   | Reached skill level 3 in Armour
 18520 | Lair:5   | Identified a scroll of acquirement
 18530 | Lair:5   | Acquired 887 gold pieces
 18763 | Orc:1    | Entered Level 1 of the Orcish Mines
 18764 | Orc:1    | Noticed an orc warlord
 18780 | Orc:1    | Killed an orc warlord
 18844 | Orc:1    | Found a transporter.
 18846 | Orc:1    | Found a transporter.
 18886 | Orc:1    | Noticed an orc warlord
 18887 | Orc:1    | Noticed PurpleRed's ghost (journeyman HOHW)
 18949 | Orc:1    | Reached skill level 4 in Armour
 18966 | Orc:1    | Received a gift from Okawaru
 19201 | Orc:1    | Found a one-way gate to the infinite horrors of the Abyss.
 19741 | Orc:2    | Entered Level 2 of the Orcish Mines
 19865 | Orc:2    | Found a staircase to the Elven Halls.
 19885 | Orc:2    | Reached skill level 13 in Fighting
 20099 | Orc:2    | Received a gift from Okawaru
 20100 | Orc:2    | Reached skill level 5 in Armour
 20141 | Orc:2    | Reached XP level 16. HP: 91/131 MP: 25/25
 20174 | Orc:2    | HP: 6/131 [smoke demon/divine providence[an orc high
                  | priest] (14)]
 20174 | Orc:2    | Mangled by a red devil

Illustrated notes

Levels and vault maps discovered:
D:1:      dpeg_arrival_snail, layout_basic
D:2:      layout_rooms, serial_shops, nicolae_shop_waterfront, uniq_robin
D:3:      layout_basic, fedhas_ov_isle_minmay
D:4:      layout_rooms, nzn_wu_jian_contemplation,
          nicolae_overflow_hidden_temple, uniq_grinder
D:5:      layout_loops_cross, mainiacjoe_overflow_surrounded_room,
          cheibrodos_worm_habitat, minmay_stone_trees_medium
D:6:      layout_rooms, minmay_starry_boxes, uniq_sigmund
D:7:      black_bear_nest_2, layout_basic, lemuel_tele_altar,
          minmay_temple_entry_stoned_glass, enter_bailey_8,
          columned_hall_lemuel, uniq_duvessa
D:8:      old_forge, layout_loops_corners, lemuel_doored_altar,
          marbit_many_paths, serial_glass, glass_columns_b, glass_columns_c,
          glass_columns_a, glass_columns_a, kennysheep_generic_room_7,
          uniq_erica
D:9:      layout_rooms, erik_orc_4, serial_bayou_pond_c, st_stairs_7,
          nicolae_twisty_statue_hallways
D:10:     layout_stronghold, nicolae_overflow_crystal_walls,
          hangedman_abyss_or_decor_clamps
D:11:     layout_loops_corners, lair_entry_dummy
D:12:     layout_long_grid, hellmonk_guarded_unrand_seven_league_boots
Temple:   cyrus_circular_temple
Lair:1:   layout_loops_ring
Lair:2:   minmay_lair_venomous_thicket, layout_regular_city,
          spider_nest_entry_webs, infiniplex_staircase_pool_2
Lair:3:   layout_regular_city, minmay_shoals_entry_beasts, lemuel_fruit_tree,
          infiniplex_staircase_pool
Lair:4:   layout_gridlike, slime_entry_2
Lair:5:   hangedman_lair_in_review, layout_regular_city,
          dreamdust_gnoll_shepherd, grunt_megastairs_5, serial_bayou_shore_a
Orc:1:    nicolae_orc_accident_3, layout_caves, gammafunk_ghost_abyssal_escape,
          nicolae_orc_lava_tube, mines3_lemuel
Orc:2:    st_orc_mages, layout_diamond_mine, nicolae_orc_sculptors_studio,
          uniq_saint_roka

Skill      XL: |  1  2  3  4  5  6  7  8  9 10 11 12 13 14 15 |
---------------+----------------------------------------------+-----
Dodging        | 2 3 4 5 6 7 8 11 | 11.0
Fighting       | 3 4 5 6 9 10 11 13 | 13.4
Polearms       | 4 8 11 14 15 19 20 23 24 | 24.0
Evocations     | 2 3 |  3.5
Invocations    | 7 8 13 | 13.0
Armour         | 5 |  5.3
Short Blades   | |  2.4
Throwing       | |  2.4
Stealth        | |  4.3

Action                     |  1- 3 |  4- 6 |  7- 9 | 10-12 | 13-15 | 16-18 || total
---------------------------+-------+-------+-------+-------+-------+-------++-------
  Melee: Dagger            |   108 |   253 |   315 |       |       |       ||   676
         Tailslap          |       |     3 |     2 |       |     1 |       ||     6
         Punch             |       |     3 |    11 |     1 |       |       ||    15
         Hand axe          |       |       |   123 |    63 |       |       ||   186
         Spear             |       |       |    13 |       |       |       ||    13
         Glaive            |       |       |       |   405 |   257 |       ||   662
         Unarmed           |       |       |       |     5 |       |       ||     5
         Bardiche          |       |       |       |       |   577 |    27 ||   604
  Throw: Dart              |     2 |     2 |    13 |    40 |     9 |       ||    66
         Stone             |     1 |     4 |    10 |    21 |     7 |       ||    43
 Invoke: Heroism           |       |       |       |     1 |     1 |       ||     2
         Receive Weapon    |       |       |       |       |     1 |       ||     1
         Receive Armour    |       |       |       |       |     1 |       ||     1
  Evoke: Wand              |     2 |     5 |    24 |     1 |     9 |       ||    41
         Phial of floods   |       |       |       |       |     1 |       ||     1
    Use: Potion            |     1 |     1 |       |     6 |     6 |     1 ||    15
         Scroll            |       |       |     5 |     2 |    24 |     1 ||    32
   Stab: Sleeping          |     6 |     5 |     5 |    15 |     4 |       ||    35
         Held in net/web   |       |       |       |     2 |     1 |       ||     3
         Fleeing           |       |       |       |       |     1 |       ||     1
         Distracted        |       |       |       |       |     1 |       ||     1
 Armour: Robe              |    54 |   110 |   125 |       |       |       ||   289
         Leather armour    |       |       |   106 |   182 |   311 |    14 ||   613
  Dodge: Dodged            |    53 |   143 |   297 |   263 |   443 |    25 ||  1224

Table legend: (Time is in decaauts)
 A = Elapsed time spent in this place.
 B = Non-inter-level travel time spent in this place.
 C = Inter-level travel time spent in this place.
 D = Time resting spent in this place.
 E = Time spent auto-exploring this place.
 F = Levels seen in this place.
 G = Mean time per level.
                   A        B        C        D        E       F      G
               +--------+--------+--------+--------+--------+-----+--------+
         Total |  19753 |  18607 |   1146 |   3002 |  10292 |  21 |  940.6 |
       Dungeon |  12391 |  11586 |    805 |   1705 |   6366 |  12 | 1032.6 |
        Temple |     14 |      1 |     13 |      0 |      0 |   1 |   14.0 |
          Lair |   5076 |   4765 |    311 |    688 |   2926 |   5 | 1015.2 |
  Orcish Mines |   1333 |   1317 |     16 |    100 |    876 |   2 |  666.5 |
        Bailey |    938 |    938 |      0 |    508 |    124 |   1 |  938.0 |
               +--------+--------+--------+--------+--------+-----+--------+

Top non-repeatable levels by time:
     D:5: 1543 daAuts
     D:8: 1427 daAuts
  Lair:5: 1413 daAuts
     D:7: 1183 daAuts
     D:4: 1131 daAuts
     D:1: 1039 daAuts
  Lair:2: 1015 daAuts
    D:12: 1002 daAuts
  Lair:3: 977 daAuts
    D:10: 958 daAuts
   Orc:1: 946 daAuts
  Bailey: 938 daAuts
    D:11: 932 daAuts
     D:2: 900 daAuts
  Lair:1: 882 daAuts
